 Dungeon Crawl Stone Soup version 0.24.0-13-gcf9b3192b9 (webtiles) character file.

Game seed: 16513916355496972702, levelgen mode: deterministic

137 sking99 the Sneak (level 5, -2/28 HPs)
             Began as a Gargoyle Enchanter on Nov 9, 2019.
             Killed from afar by an orc wizard (3 damage)
             ... with a magic dart
             ... on level 3 of the Dungeon.
             The game lasted 00:06:17 (3688 turns).

sking99 the Sneak (Gargoyle Enchanter)              Turns: 3688, Time: 00:06:18

Health: -2/28      AC:  7    Str: 11    XL:     5   Next: 20%
Magic:  4/8        EV: 12    Int: 17    God:
Gold:   114        SH:  0    Dex: 10    Spells: 6/9 levels left

rFire    . . .     SeeInvis .   a - +1 dagger
rCold    . . .     Gourm    .   (no shield)
rNeg     + . .     Faith    .   b - +0 robe
rPois    ∞         Spirit   .   (no helmet)
rElec    +         Reflect  .   q - +0 cloak
rCorr    .         Harm     .   (no gloves)
MR       .....                  (no boots)
Stlth    ++........             (no amulet)
HPRegen  0.09/turn              (no ring)
MPRegen  0.11/turn              (no ring)

@: no status effects
A: negative energy resistance 1, electricity resistance, unbreathing,
petrification resistance, rot immunity, AC +4
a: no special abilities


You were on level 3 of the Dungeon.
You were not hungry.

You visited 1 branch of the dungeon, and saw 4 of its levels.

You collected 114 gold pieces.

Inventory:

Hand Weapons
 a - a +1 dagger (weapon)
Armour
 b - a +0 robe (worn)
 q - a +0 cloak (worn)
Jewellery
 e - an uncursed amulet of regeneration {unknown}
 n - a cursed amulet of inaccuracy {unknown}
Scrolls
 c - 2 scrolls of remove curse {unknown}
 g - 4 scrolls of teleportation {unknown}
 i - 7 scrolls of identify {unknown}
 o - a scroll of random uselessness {unknown}
 p - a scroll of amnesia {unknown}
 r - a scroll of fear {unknown}
Potions
 f - a potion of flight {unknown}
 h - a potion of might {unknown}
 j - a potion of lignification {unknown}
 l - 3 potions of curing {unknown}
 m - a potion of degeneration {unknown}
Comestibles
 d - 7 rations


   Skills:
 * Level 2.3 Short Blades
 - Level 1.5 Dodging
 + Level 3.9 Stealth
 + Level 2.5 Spellcasting
 * Level 3.4 Hexes
 * Level 1.9 Ice Magic


You had 6 spell levels left.
You knew the following spells:

 Your Spells              Type           Power        Failure   Level  Hunger
a - Corona                Hex            ##.....      4%          1    #......
b - Ensorcelled Hibernat  Hex/Ice        ##....       10%         2    ##.....

Your spell library contained the following spells:

 Spells                   Type           Power        Failure   Level  Hunger
 Slow                     Hex            ##......     7%          2    ##.....
 Confuse                  Hex            ##......     14%         3    ###....
 Tukima's Dance           Hex            ##......     14%         3    ###....
 Magic Dart               Conj           #...         19%         1    #......
 Dazzling Spray           Conj/Hex       #.....       26%         3    ###....
 Blink                    Tloc           N/A          28%         2    ##.....
 Call Imp                 Summ           #.......     28%         2    ##.....
 Conjure Flame            Conj/Fire      #.......     50%         3    ###....
 Mephitic Cloud           Conj/Pois/Air  #.......     50%         3    ###....


Dungeon Overview and Level Annotations

Branches:
Dungeon (4/15)
 Temple: D:4-7

Altars:
Qazlal


Innate Abilities, Weirdness & Mutations

You are resistant to torment.
Your stone body is resilient. (AC +4)
You are immune to poison.
You resist negative energy. (rN+)
You are resistant to electric shocks. (rElec)
You can survive without breathing.
You are immune to petrification.
You are immune to rotting.


Message History

Casting: Ensorcelled Hibernation (safe; 10% risk of failure)
Confirm with . or Enter, or press ? or * to list all spells.
Aiming: Ensorcelled Hibernation (safe; 10% risk of failure)
Press: ? - help, Shift-Dir - straight line, f - orc
Aim: an orc, wielding a +0 flail (chance to defeat MR: 60%)
The orc resists with significant effort.
The orc hits you with a +0 flail.
* * * LOW HITPOINT WARNING * * *
Something hits you but does no damage.
Deactivating autopickup; reactivate with Ctrl-A.
Casting: Ensorcelled Hibernation (safe; 10% risk of failure)
Confirm with . or Enter, or press ? or * to list all spells.
Aiming: Ensorcelled Hibernation (safe; 10% risk of failure)
Press: ? - help, Shift-Dir - straight line, f/p - orc
Aim: an orc, wielding a +0 flail (chance to defeat MR: 60%)
The orc resists with significant effort.
You hear some strange, mumbled words.
A magic dart appears from out of thin air!
The magic dart hits you.
You die...

#......##....###.##.#..# ##)..#.
..........#...##.##...######.....
......)...##.....##...###......##
...........#............#.##..##
...........#..............#...###
.#######.#...#..........###.....#
...# #................#.....###
##.# ##.....................##
##.# ##.....{@.#.#..#.......#
##.## #....###.o....#..#.###.#
##..#####.#....)(.<.....#.[#...##
.(..#.....#....###..#........#..[
..##..#...........#..##...#..#...
..#..#..#....[.##.##....#.##.....
.##.........)..##.###)#....##....
.#..##.....##....................
.#..##...####.##.....##.####.....


You could see an orc.

Vanquished Creatures
  Terence (D:2)
  Robin (D:3)
  3 adders
  2 worms
  2 dart slugs (D:2)
  3 leopard geckos
  A ball python (D:2)
  4 bats
  2 giant cockroaches
  12 goblins
  7 hobgoblins
  8 jackals
  A quokka (D:3)
  3 frilled lizards
  3 kobolds
  5 rats
58 creatures vanquished.

Notes
Turn   | Place    | Note
-------+----------+-------------------------------------------
     0 | D:1      | sking99 the Gargoyle Enchanter began the quest for the Orb.
     0 | D:1      | Reached XP level 1. HP: 10/10 MP: 3/3
    69 | D:1      | Reached skill level 1 in Short Blades
    88 | D:1      | Reached XP level 2. HP: 14/15 MP: 3/5
   223 | D:1      | Learned a level 2 spell: Ensorcelled Hibernation
  1312 | D:2      | Reached XP level 3. HP: 8/19 MP: 0/6
  1544 | D:2      | Found a stormy altar of Qazlal.
  1560 | D:2      | Reached skill level 1 in Ice Magic
  1869 | D:2      | Reached XP level 4. HP: 24/24 MP: 0/7
  2262 | D:2      | Noticed Terence
  2309 | D:2      | Killed Terence
  3184 | D:3      | Noticed Robin
  3239 | D:3      | Reached XP level 5. HP: 23/28 MP: 1/8
  3427 | D:3      | Killed Robin
  3687 | D:3      | HP: 1/28 [orc/+0 flail (6)]
  3688 | D:3      | Killed from afar by an orc wizard

Levels and vault maps discovered:
D:1:      tarquinn_simple_flora_water_a, layout_loops_ring, bh_walls_and_bars
D:2:      layout_basic, grunt_qazlal_clouds, uniq_terence
D:3:      layout_rooms, first_ration, minivault_19, uniq_robin
D:4:      layout_rooms, ashenzari_conservatory_becter, led_xom_imps,
          minmay_temple_entry_slanted

Skill      XL: |  1  2  3  4 |
---------------+-------------+-----
Short Blades   | 1 2 |  2.3
Hexes          | 3 |  3.4
Ice Magic      | 1 |  1.9
Dodging        | |  1.5
Stealth        | |  3.9
Spellcasting   | |  2.5

Action                   |  1- 3 |  4- 6 || total
-------------------------+-------+-------++-------
Melee: Dagger            |    87 |    75 ||   162
 Cast: Corona            |     1 |       ||     1
       Ensorcelled Hiber |    23 |    34 ||    57
 Stab: Sleeping          |    17 |    22 ||    39
  Eat: Chunk             |     4 |     5 ||     9
       Ration            |       |     1 ||     1
Armor: Robe              |    29 |    34 ||    63
Dodge: Dodged            |    69 |    47 ||   116
